 Dungeon Crawl Stone Soup version 0.26-a0-1126-g3318b609a0 (webtiles) character file.

Game seed: 3068378901828973752

5 ardl the Digger (level 1, -2/14 HPs)
             Began as a Ghoul Earth Elementalist on Dec 18, 2020.
             Slain by a hobgoblin (3 damage)
             ... on level 1 of the Dungeon.
             The game lasted 00:00:46 (450 turns).

ardl the Digger (Ghoul Earth Elementalist)           Turns: 450, Time: 00:00:47

Health: -2/14      AC:  2    Str: 11    XL:     1   Next: 80%
Magic:  0/2        EV: 12    Int: 10    God:
Gold:   0          SH:  0    Dex:  9    Spells: 2/3 levels left

rFire    . . .     SeeInvis .   (no weapon)
rCold    + . .     Faith    .   (no shield)
rNeg     + + +     Spirit   .   c - +0 robe
rPois    ∞         Reflect  .   (no helmet)
rElec    .         Harm     .   (no cloak)
rCorr    .         Rampage  .   (no gloves)
Will     .....                  (no boots)
Stlth    ++........             (no amulet)
HPRegen  0.00/turn              (no ring)
MPRegen  0.08/turn              (no ring)

@: very slightly contaminated
A: claws 1, cold resistance 1, negative energy resistance 3, inhibited
regeneration, torment resistance, unbreathing
a: no special abilities


You were on level 1 of the Dungeon.
You visited 1 branch of the dungeon, and saw 1 of its levels.

Inventory:

Missiles
 a - 2 throwing nets
 b - 40 stones (quivered)
Armour
 c - a +0 robe (worn)
Scrolls
 d - a scroll of enchant armour {unknown}


   Skills:
 - Level 1.7 Dodging
 - Level 2.1 Stealth
 + Level 1.8 Spellcasting
 - Level 0.8 Transmutations
 + Level 3.7 Earth Magic


You had 2 spell levels left.
You knew the following spells:

 Your Spells              Type           Power        Failure   Level
a - Sandblast             Erth           16%          7%          1

Your spell library contained the following spells:

 Spells                   Type           Power        Failure   Level
 Passwall                 Tmut/Erth      4%           19%         2
 Stone Arrow              Conj/Erth      8%           41%         3
 Petrify                  Tmut/Erth      5%           77%         4
 Lee's Rapid Deconstruct  Erth           4%           88%         5


Dungeon Overview and Level Annotations

Branches:
Dungeon (1/15)

Altars:


Innate Abilities, Weirdness & Mutations

You thrive by killing the living.
You are immune to poison.
You have sharp fingernails.
Your flesh is cold resistant. (rC+)
You are immune to negative energy. (rN+++)
You do not regenerate when monsters are visible.
You are immune to unholy pain and torment.
You can survive without breathing.


Message History

The blast of sand hits the kobold.
You kill the kobold!
b - 40 stones The bat completely misses you.
You now have 0/2 mp.
You scratch the bat. The bat barely misses you. x2
You don't have enough magic to cast that spell.
You completely miss the hobgoblin. The bat barely misses you.
The hobgoblin hits you.
You take 2 damage, and have 7/14 hp.
You barely miss the hobgoblin. The bat hits you.
The hobgoblin closely misses you. The bat barely misses you.
You take 1 damage, and have 6/14 hp.
You scratch the hobgoblin but do no damage.
The bat hits you. The hobgoblin hits you.
* * * LOW HITPOINT WARNING * * *
You take 5 damage, and have 1/14 hp.
MASSIVE DAMAGE!!
You barely miss the hobgoblin. The hobgoblin hits you.
You die...

..........÷.......#####
......###.........#
.....# ##........#
..... #........# .....
#........# ..
#.........#
...........#
.............#
###########@## #gb#
###'###### #........#
#....?...# #........#
#........# ###......(.#
............#


You could see a hobgoblin and a bat.

Vanquished Creatures
  3 bats (D:1)
  A hobgoblin (D:1)
  A kobold (D:1)
5 creatures vanquished.

Notes
Turn   | Place    | Note
-------+----------+-------------------------------------------
     0 | D:1      | ardl the Ghoul Earth Elementalist began the quest for the
                  | Orb.
     0 | D:1      | Reached XP level 1. HP: 14/14 MP: 2/2
   450 | D:1      | Slain by a hobgoblin

Illustrated notes

Levels and vault maps discovered:
D:1:      minmay_arrival_four_circles, layout_basic

Action                   || total
-------------------------++-------
Melee: Unarmed           ||    37
 Cast: Sandblast         ||     2
Armor: Robe              ||    25
Dodge: Dodged            ||    47

Table legend: (Time is in decaauts)
 A = Elapsed time spent in this place.
 B = Non-inter-level travel time spent in this place.
 C = Inter-level travel time spent in this place.
 D = Time resting spent in this place.
 E = Time spent auto-exploring this place.
 F = Levels seen in this place.
 G = Mean time per level.
                   A        B        C        D        E       F      G
               +--------+--------+--------+--------+--------+-----+--------+
         Total |    450 |    450 |      0 |     45 |    313 |   1 |  450.0 |
       Dungeon |    450 |    450 |      0 |     45 |    313 |   1 |  450.0 |
               +--------+--------+--------+--------+--------+-----+--------+

Top non-repeatable levels by time:
     D:1: 450 daAuts
